Map: 백워터 - 래더

Players

Braveheart (F91)

  • Race: Zerg Zerg
  • League: Master
  • Spawn Location: 11:00

JinairRogue (Rogue) - Winner!

  • Race: Zerg Zerg
  • Spawn Location: 5:00

Event: 2018 Hangzhou StarCraft Carnival

VOD

Have the link to the VOD?

Description

Time

  • Played on: April 29, 2018, 2:03 a.m.
  • Length: 3:52

All games in this series

Show
View Real Time Build Order
Export as new Build Order

Braveheart Zerg 

Build Orders: Pool First 

Get SALT Encoding   

  12  0:18  Spawning Pool  
  11  0:21  Drone  
  11  0:26  Drone  
  13  0:30  Drone  
  14  0:42  Overlord  
  14  1:05  Zergling x6  
  17  1:16  Zergling x2  
  18  1:30  Queen  
  18  1:31  Drone  
  21  1:41  Drone  
  21  1:44  Extractor  
  21  1:50  Drone  
  22  1:58  Overlord  
  22  2:16  Queen  
  24  2:25  Drone  
  24  2:26  Drone  
  26  2:32  Overlord  
  26  2:43  Zergling x4  
  28  2:53  Hatchery  
  27  3:01  Drone x3  
  30  3:17  Roach Warren, Overlord  
  29  3:28  Drone x3  
Show
View Real Time Build Order
Export as new Build Order

JinairRogue Zerg - Winner!

Build Orders: Pool First 

Get SALT Encoding   

  12  0:00  Drone  
  13  0:14  Extractor  
  12  0:24  Spawning Pool  
  12  0:28  Drone  
  12  0:32  Drone  
  13  0:37  Drone  
  14  0:49  Overlord  
  14  1:11  Queen  
  14  1:13  Zergling x2  
  14  1:16  Metabolic Boost  
  17  1:21  Zergling x2  
  17  1:25  Zergling x2  
  19  1:29  Zergling x2  
  20  1:36  Zergling x2  
  21  1:58  Hatchery  
  20  2:01  Drone  
  21  2:09  Overlord  
  21  2:14  Drone  
  22  2:24  Baneling Nest  
  22  2:28  Drone  
  22  2:30  Zergling x2  
  22  2:36  Drone  
  24  2:38  Drone  
  24  2:42  Drone  
  26  2:53  Zergling x4  
  28  2:59  Overlord  
  28  3:06  Zergling x4  
  28  3:08  Baneling x2  
  30  3:13  Zergling x2  
  30  3:15  Baneling  
  30  3:16  Baneling  
  30  3:18  Zergling x2  
  32  3:27  Zergling x6  
  32  3:32  Zergling x2  
Tags
 
Add a new tag
Caveats
  • Supply blocks, unpowered buildings, or Contaminate may cause inaccurate times.
  • Supply counts are checked every 10 seconds.